 Dungeon Crawl Stone Soup version 0.23.1-37-gaa34b87 (webtiles) character file.

Game seed: 16518305419478649346

1691 Irenicus the Geomancer (level 8, 0/62 HPs)
             Began as a Deep Dwarf Earth Elementalist on Mar 20, 2019.
             Was a Follower of Makhleb.
             Slain by a gnoll sergeant
             ... wielding a +3 spear of piercing
              (14 damage)
             ... on level 6 of the Dungeon.
             The game lasted 00:22:34 (2988 turns).

Irenicus the Geomancer (DDEE)                       Turns: 2988, Time: 00:22:34

Health: 0/62       AC:  3    Str: 11    XL:     8   Next: 72%
Magic:  5/13       EV: 12    Int: 24    God:    Makhleb [*.....]
Gold:   167        SH:  0    Dex: 13    Spells: 8/15 levels left

rFire    . . .     SeeInvis +   t - +9 rapier of Trog's Generosity {drain, *Drain MR+ Int+5 SInv}
rCold    . . .     Gourm    .   (no shield)
rNeg     . . .     Faith    .   m - +0 leather armour
rPois    .         Spirit   .   (no helmet)
rElec    .         Reflect  .   (no cloak)
rCorr    .         Harm     .   (no gloves)
MR       +++..                  (no boots)
Stlth    ++........             (no amulet)
HPRegen  0.00/turn              q - ring of protection from magic {MR+, !d}
MPRegen  0.13/turn              (no ring)

@: non-regenerating
A: damage resistance, heal wounds, sense surroundings 1, no regeneration
a: Heal Wounds, Renounce Religion


You were on level 6 of the Dungeon.
You worshipped Makhleb.
Makhleb was aware of your devotion.
You were hungry.

You visited 2 branches of the dungeon, and saw 7 of its levels.

You collected 167 gold pieces.

Inventory:

Hand Weapons
 f - a +0 club
   (You took it off a kobold on level 1 of the Dungeon)
 n - a +1 dagger of pain
   (You found it on level 3 of the Dungeon)
 t - the +9 rapier of Trog's Generosity (weapon) {drain, *Drain MR+ Int+5 SInv}
   (You found it on level 5 of the Dungeon)

   A truly terrible weapon, it drains the life of those it strikes.
   It affects your intelligence (+5).
   It affects your resistance to hostile enchantments.
   It lets you see invisible.
   It causes draining when unequipped.
Missiles
 b - 83 stones (quivered)
Armour
 j - a +0 ring mail
   (You found it on level 1 of the Dungeon)
 m - a +0 leather armour (worn)
   (You found it on level 2 of the Dungeon)
Jewellery
 q - a ring of protection from magic (left hand) {MR+, !d}
   (You found it on level 4 of the Dungeon)
Wands
 o - a wand of digging (3)
   (You found it on level 3 of the Dungeon)
Scrolls
 a - 2 scrolls of fog {unknown}
 i - a scroll of identify
 l - a scroll of teleportation
 p - a scroll of magic mapping {unknown}
 r - a scroll of amnesia
 s - a scroll of remove curse
 v - a scroll of noise {unknown}
Potions
 c - a potion of flight
 e - a potion of mutation {!q}
 g - 2 potions of brilliance
 k - a potion of curing
 u - a potion of agility
Comestibles
 d - 8 rations


   Skills:
 - Level 3.1 Short Blades
 - Level 2.1 Dodging
 - Level 2.4 Stealth
 - Level 4.2 Spellcasting
 - Level 5.1 Necromancy
 - Level 0.8 Transmutations
 + Level 11.1 Earth Magic


You had 8 spell levels left.
You knew the following spells:

 Your Spells              Type           Power        Failure   Level  Hunger
a - Sandblast             Erth           ######       1%          1    None
w - Passwall              Tmut/Erth      ####....     1%          2    None
x - Vampiric Draining     Necr           ####......   4%          3    ##.....
A - Animate Skeleton      Necr           N/A          1%          1    None

Your spell library contained the following spells:

 Spells                   Type           Power        Failure   Level  Hunger
 Pain                     Necr           ####         1%          1    None
 Stone Arrow              Conj/Erth      ####..       3%          3    ##.....
 Lee's Rapid Deconstruct  Erth           ######....   3%          5    #####..
 Petrify                  Tmut/Erth      ####....     11%         4    ####...
 Summon Small Mammal      Summ           #...         13%         1    None
 Animate Dead             Necr           N/A          16%         4    ####...
 Call Imp                 Summ           #.......     19%         2    None
 Call Canine Familiar     Summ           #.......     36%         3    ##.....
 Summon Guardian Golem    Hex/Summ       #.......     36%         3    ##.....
 Summon Ice Beast         Ice/Summ       #.......     77%         4    ####...
 Summon Lightning Spire   Summ/Air       #.......     77%         4    ####...
 Regeneration             Chrm/Necr      Unusable     N/A         3    N/A

Dungeon Overview and Level Annotations

Branches:
Dungeon (6/15)             Temple (1/1) D:4

Altars:
Ashenzari
Cheibriados
Elyvilon
Fedhas
Gozag
Kikubaaqudgha
Makhleb
Nemelex Xobeh
Qazlal
Ru
Vehumet
Yredelemnul
Zin

Shops:
D:6 !

Annotations:
D:1 1 runed translucent door
D:3 1 runed translucent door, Borbor's ghost, amateur MiBe
D:6 Dowan


Innate Abilities, Weirdness & Mutations

You are resistant to damage.
You can heal yourself by infusing magical energy.
You passively map a small area around you.
You do not regenerate.


Message History

Okay, then.
Okay, then.
Drop what? 22/52 slots (_ for help) (? for menu, Esc to quit)
You drop a potion of degeneration {!q}.
A sky beast comes into view.
Aim: Duvessa, wielding a +0 rapier and wearing a +0 chain mail The blast of sand misses Duvessa.
The blast of sand misses the sky beast.
b - 90 stones The orc wizard gestures wildly while chanting.
The orc wizard seems to speed up.
You now have 4/13 mp.
Aim: Duvessa, wielding a +0 rapier and wearing a +0 chain mail The blast of sand hits Duvessa.
b - 89 stones Duvessa closely misses you.
You now have 3/13 mp.
Aim: Duvessa, wielding a +0 rapier and wearing a +0 chain mail (lightly wounded)
The blast of sand hits Duvessa!
b - 88 stones The orc wizard gestures wildly while chanting.
The orc wizard blinks!
Duvessa misses you.
Aim: Duvessa, wielding a +0 rapier and wearing a +0 chain mail (heavily wounded)
The blast of sand hits Duvessa.
b - 87 stones Duvessa hits you with a cursed +0 rapier!
You take 7 damage, and have 21/62 hp.
You now have 2/13 mp.
Aim: Duvessa, wielding a +0 rapier and wearing a +0 chain mail (heavily wounded)
The blast of sand hits Duvessa!
b - 86 stones Duvessa misses you.
You now have 1/13 mp.
Aim: Duvessa, wielding a +0 rapier and wearing a +0 chain mail (almost dead)
The blast of sand hits Duvessa but does no damage.
b - 85 stones Duvessa hits you with a cursed +0 rapier!
* * * LOW HITPOINT WARNING * * *
You take 6 damage, and have 15/62 hp.
You now have 0/13 mp.
Okay, then.
You hit Duvessa.
You kill Duvessa!
Makhleb accepts your kill.
You feel better.
You hear a distant wail of despair.
Your Earth Magic skill increases to level 11!
You are feeling hungry.
The sky beast closely misses you.
You regained 6 hp, and now have 21/62 hp.
Dowan, Brother of Duvessa comes into view.
He is wielding a +0 dagger.
Dowan seems to find hidden reserves of power!
Dowan shouts!
Okay, then.
As you read the scroll labeled KOENAH IRCHUMAA, it crumbles to dust.
You feel blessed for a moment.
It was a scroll of remove curse.
The sky beast hits you. The sky beast shocks you.
* * * LOW HITPOINT WARNING * * *
You take 3 damage, and have 18/62 hp.
As you read the scroll labeled HUICUE PIBLENE, it crumbles to dust.
It is a scroll of amnesia.
Okay, then.
The sky beast hits you. The sky beast shocks you.
* * * LOW HITPOINT WARNING * * *
You take 5 damage, and have 13/62 hp.
Unknown command.
Aim: a sky beast The blast of sand misses the sky beast.
b - 84 stones The orc wizard looks encouraged for a moment.
The sky beast hits you. The sky beast shocks you.
* * * LOW HITPOINT WARNING * * *
You take 3 damage, and have 10/62 hp.
You now have 0/13 mp.
Okay, then.
As you read the scroll labeled BOMINL YJIUMO, it crumbles to dust.
You feel strangely unstable.
It was a scroll of teleportation.
The sky beast closely misses you.
Your surroundings suddenly seem different.
Things that are here:
a cursed +3 mace; a +0 robe
Okay, then.
You see here a +0 giant club.
A gnoll comes into view. It is wielding a +0 flail.
Found a robe.
Found a stone staircase leading down.
The gnoll shouts!
You hear a shout! x3
A gnoll sergeant comes into view. It is wielding a +3 spear of piercing.
An orc warrior comes into view. It is wielding a +0 dire flail.
Okay, then.
Aim: a gnoll, wielding a +0 flail The blast of sand hits the gnoll!!
You kill the gnoll!
Makhleb accepts your kill.
b - 83 stones You now have 5/13 mp.
Here: a gnoll sergeant, wielding a +3 spear of piercing and wearing a +0 scale mail The floor.
You see here 29 arrows.
A gnoll comes into view. It is wielding a +0 spear.
The gnoll sergeant hits you from afar with a +3 spear of piercing.
Okay, then.
Aim: a gnoll sergeant, wielding a +3 spear of piercing and wearing a +0 scale mail You feel life coursing into your body.
The gnoll sergeant hits you with a +3 spear of piercing!
You die...

### #.#
###########.#
#..g....g...#
#g#########.#
#.@.# #.#
###.# #.# .#
#.###### .#
#......# .#
#......# .#
#......# .#
*#....[(## .#
* .......%...
,
'...........


You could see a gnoll sergeant.

Vanquished Creatures
  Edmund (D:6)
  Duvessa (D:6)
  7 ogres
  A centaur (D:6)
  A bullfrog (D:6)
  A scorpion (D:4)
  A wyvern skeleton (D:6)
  3 wights (D:6)
  A howler monkey (D:5)
  A crimson imp (D:5)
  A centaur zombie (D:5)
  A hound (D:4)
  2 orc priests (D:5)
  A bullfrog skeleton (D:4)
  An iguana (D:4)
  2 worker ants
  5 gnolls
  10 adders
  2 oozes
  An adder zombie (D:5)
  2 dart slugs (D:1)
  2 leopard geckos (D:5)
  2 orcs
  7 giant cockroaches
  2 goblins (D:1)
  8 hobgoblins
  3 jackals (D:4)
  6 kobolds
  A quokka (D:4)
  3 bats
  4 frilled lizards
  7 rats
91 creatures vanquished.

Vanquished Creatures (collateral kills)
  2 wights (D:6)
  An orc (D:6)
3 creatures vanquished.

Grand Total: 94 creatures vanquished

Notes
Turn   | Place    | Note
-------+----------+-------------------------------------------
     0 | D:1      | Irenicus the Deep Dwarf Earth Elementalist began the quest
                  | for the Orb.
     0 | D:1      | Reached XP level 1. HP: 15/15 MP: 3/3
     1 | D:1      | Found a runed translucent door.
    26 | D:2      | Reached XP level 2. HP: 22/22 MP: 2/4
    64 | D:2      | Found a faded altar of an unknown god.
   130 | D:1      | Reached skill level 5 in Earth Magic
   179 | D:1      | Learned a level 2 spell: Passwall
   306 | D:1      | Reached XP level 3. HP: 24/28 MP: 1/5
   502 | D:1      | Reached skill level 6 in Earth Magic
   840 | D:2      | Found a sparkling altar of Nemelex Xobeh.
   916 | D:3      | Reached XP level 4. HP: 15/36 MP: 1/6
  1006 | D:3      | Reached skill level 7 in Earth Magic
  1041 | D:3      | Learned a level 3 spell: Vampiric Draining
  1102 | D:3      | Irenicus: ?? pain
  1102 | D:3      | beem: pain[1/3]: L1 necro spell, exclusive to the Book of
                  | Necromancy. Inflicts 1hp non-fatal damage on the caster.
                  | Does 1d(4 + pow/5) damage, with a limit of 25 power, and
                  | bypasses AC - but checks MR and only affects monsters
                  | without life protection, or players without torment
                  | immunity. You might've been looking for {pain brand}.
  1102 | D:3      | Irenicus: ?? pain [2
  1102 | D:3      | beem: pain brand[1/2]: Brand which inflicts 1d(necromancy
                  | skill) extra damage on necro out of necro+1 successful
                  | hits. Does not affect those with rN (demons, undead,
                  | unliving, shadow dragons, holies). (For the record, a
                  | monster's necromancy skill is HD/2, HD if undead or
                  | demonic, 0 if mindless/animal). Begins to edge out {elec
                  | brand} at 10 skill.
  1131 | D:3      | Reached skill level 2 in Spellcasting
  1133 | D:3      | Reached skill level 1 in Necromancy
  1134 | D:3      | Reached XP level 5. HP: 18/42 MP: 0/8
  1139 | D:3      | Learned a level 1 spell: Animate Skeleton
  1287 | D:3      | You fall through a shaft!
  1287 | D:4      | Found a white marble altar of Elyvilon.
  1335 | D:3      | Found a shattered altar of Ashenzari.
  1390 | D:3      | Found a runed translucent door.
  1390 | D:3      | Noticed Borbor's ghost (amateur MiBe)
  1450 | D:4      | Noticed an ogre
  1456 | D:4      | Reached skill level 2 in Necromancy
  1457 | D:4      | Noticed an ogre
  1459 | D:4      | Killed an ogre
  1459 | D:4      | Reached skill level 3 in Spellcasting
  1459 | D:4      | Reached XP level 6. HP: 38/49 MP: 1/10
  1469 | D:4      | Reached skill level 3 in Necromancy
  1564 | D:4      | Found a staircase to the Ecumenical Temple.
  1568 | Temple   | Entered the Ecumenical Temple
  1611 | Temple   | Became a worshipper of Makhleb the Destroyer
  1714 | D:4      | Reached skill level 4 in Necromancy
  1745 | D:4      | Found a glowing silver altar of Zin.
  1752 | D:4      | Reached skill level 5 in Necromancy
  1752 | D:4      | Reached XP level 7. HP: 50/55 MP: 3/12
  2002 | D:5      | Entered Level 5 of the Dungeon
  2008 | D:5      | Reached skill level 4 in Spellcasting
  2022 | D:5      | Got an ivory rapier
  2023 | D:5      | Identified the +9 rapier of Trog's Generosity {drain,
                  | *Drain MR+ Int+5 SInv} (You found it on level 5 of the
                  | Dungeon)
  2024 | D:5      | Irenicus: ?? rapier
  2024 | D:5      | beem: rapier[1/1]: (short blades; +4 acc / 8 dam / 1.2 base
                  | delay / 0.5 min delay). A slender, sharply pointed sword,
                  | with an uncommonly elegant design. Doesn't chop hydra
                  | heads.
  2090 | D:5      | Reached skill level 8 in Earth Magic
  2100 | D:5      | Reached skill level 1 in Short Blades
  2154 | D:5      | Reached * piety under Makhleb
  2659 | D:6      | Found Ykanu's Distillery.
  2661 | D:6      | Noticed Edmund
  2689 | D:6      | HP: 10/55 [Edmund/+2 dire flail of protection (4)]
  2703 | D:6      | Killed Edmund
  2703 | D:6      | Reached skill level 2 in Short Blades
  2703 | D:6      | Reached XP level 8. HP: 11/62 MP: 0/14
  2770 | D:6      | Reached skill level 9 in Earth Magic
  2783 | D:6      | HP: 10/62 [centaur/arrow (1)]
  2785 | D:6      | Reached skill level 3 in Short Blades
  2813 | D:6      | HP: 3/62 [wight/+4 scimitar (11)]
  2824 | D:6      | Reached skill level 10 in Earth Magic
  2876 | D:6      | Noticed Duvessa
  2910 | D:6      | HP: 15/62 [Duvessa/cursed +0 rapier (6)]
  2911 | D:6      | Killed Duvessa
  2911 | D:6      | Reached skill level 11 in Earth Magic
  2912 | D:6      | Noticed Dowan
  2917 | D:6      | HP: 13/62 [sky beast (5)]
  2988 | D:6      | Slain by a gnoll sergeant

Skill      XL: |  1  2  3  4  5  6  7  8 |
---------------+-------------------------+-----
Earth Magic    | 5 6 7 8 11 | 11.1
Spellcasting   | 2 3 4 |  4.2
Necromancy     | 1 2 5 |  5.1
Short Blades   | 2 3 |  3.1
Dodging        | |  2.1
Stealth        | |  2.4
Transmutations | |  0.8

Action                   |  1- 3 |  4- 6 |  7- 9 || total
-------------------------+-------+-------+-------++-------
Melee: Club              |    31 |       |       ||    31
       Unarmed           |     3 |       |       ||     3
       Dagger            |       |    17 |     6 ||    23
       Rapier            |       |       |    15 ||    15
 Cast: Sandblast         |    37 |    34 |    54 ||   125
       Passwall          |    12 |     2 |    19 ||    33
       Vampiric Draining |       |     8 |     8 ||    16
       Animate Skeleton  |       |     1 |     3 ||     4
 Abil: Heal Wounds       |       |       |     1 ||     1
Evoke: Wand              |       |     1 |       ||     1
  Use: Potion            |       |       |     1 ||     1
       Scroll            |       |       |     8 ||     8
 Stab: Sleeping          |     5 |     1 |     1 ||     7
  Eat: Chunk             |     1 |     1 |     4 ||     6
       Ration            |       |     1 |       ||     1
Armor: Robe              |    10 |       |       ||    10
       Leather armour    |     1 |     7 |     8 ||    16
Dodge: Dodged            |    39 |    26 |    35 ||   100

Levels and vault maps discovered:
D:1:      dpeg_arrival_caged_fury, layout_basic, grunt_decor_one_mirror,
          supply_closet_lemuel
D:2:      layout_basic, nemelex_xobeh_ov_fountains_minmay,
          chequers_ecumenical_altar_grove, minmay_misc_feat_diagonals,
          minmay_tree_intersection, minmay_misc_feat_alley, kennysheep_potato
D:3:      layout_loops_corners, old_standard_altar, gammafunk_ghost_grave
D:4:      layout_loops_cross, zin_academy, minmay_temple_entry_glassed_door,
          first_ration, elyvilon_altar_5
D:5:      layout_basic
D:6:      layout_basic, kennysheep_mini_moat, lemuel_coloured_pillars_altar,
          serial_shops, shop, minmay_microvault, uniq_eustachio, uniq_duvessa,
          uniq_edmund
Temple:   zaba_magenta_temple

Table legend:
 A = Turns spent in this place as a percentage of turns spent in the entire game.
 B = Non-inter-level travel turns spent in this place as a percentage of non-inter-level travel turns spent in the entire game.
 C = Inter-level travel turns spent in this place as a percentage of turns spent in this place.
 D = Turns resting spent in this place as a percentage of non-inter-level travel turns spent in this place.
 E = Turns spent auto-exploring this place as a percentage of non-inter-level travel turns spent in this place.
 F = Non-inter-level travel turns spent in this place divided by the number of levels of this place that you've seen.
                   A       B       C       D       E      F
               +-------+-------+-------+-------+-------+----------------------
         Total | 100.0 | 100.0 |   0.0 |   0.0 |   0.0 | 426.9
       Dungeon |  98.1 |  98.1 |   0.0 |   0.0 |   0.0 | 488.5
        Temple |   1.9 |   1.9 |   0.0 |   0.0 |   0.0 |  57.0
               +-------+-------+-------+-------+-------+----------------------

Table legend:
 A = Kills in this place as a percentage of kills in entire the game.
 B = Kills by you in this place as a percentage of kills by you in the entire game.
 C = Kills by friends in this place as a percentage of kills by friends in the entire game.
 D = Other kills in this place as a percentage of other kills in the entire game.
 E = Experience gained in this place as a percentage of experience gained in the entire game.
 F = Experience gained in this place divided by the number of levels of this place that you have seen.
                   A       B       C       D       E      F
               +-------+-------+-------+-------+-------+----------------------
         Total | 100.0 | 100.0 | 100.0 |   N/A | 100.0 | 345.1
       Dungeon | 100.0 | 100.0 | 100.0 |   N/A | 100.0 | 402.7
               +-------+-------+-------+-------+-------+----------------------
